 Dungeon Crawl Stone Soup version 0.17.2-1-ge4368a0 (webtiles) character file.

15745 magipi the Cleaver (level 12, 0/112 HPs)
             Began as a Gargoyle Berserker on Aug 6, 2016.
             Was a High Priest of Trog.
             Killed from afar by an ice statue (11 damage)
             ... with a shard of ice
             ... in an ice cave.
             The game lasted 01:00:39 (8912 turns).

magipi the Cleaver (Gargoyle Berserker)             Turns: 8912, Time: 01:00:40

Health: 0/112      AC: 17    Str: 27    XL:     12   Next: 30%
Magic:  18/18      EV: 15    Int:  8    God:    Trog [*****.]
Gold:   656        SH:  0    Dex: 22    Spells: 0 memorised, 11 levels left

rFire  . . .     SeeInvis .     a - +8 war axe of Fate {drain, Dex+9}
rCold  + . .     Clarity  .     C - +0 leather armour {rC+}
rNeg   + . .     SustAt   .     (no shield)
rPois  ∞         Gourm    .     (no helmet)
rElec  +         Spirit   .     o - +1 cloak
rCorr  .         Warding  .     q - +1 pair of gloves
rMut   +         Stasis   .     (no boots)
MR     +....                    I - amulet of resist mutation
Stlth  ..........               F - +3 ring of evasion
                                T - ring of protection from magic

@: berserking, very quick, somewhat resistant to hostile enchantments, extremely
unstealthy
A: negative energy resistance 1, electricity resistance, unbreathing,
petrification resistance, rot immunity, AC +8
a: Berserk, Trog's Hand, Brothers in Arms, Burn Spellbooks, Renounce Religion


You were in an ice cave.
You worshipped Trog.
Trog was extremely pleased with you.
You were not hungry.

You visited 3 branches of the dungeon, and saw 15 of its levels.
You also visited: Ossuary and Ice Cave.

You collected 1020 gold pieces.
You spent 364 gold pieces at shops.

Inventory:

Hand Weapons
 a - the +8 war axe of Fate (weapon) {drain, Dex+9}
   (You took it off a crimson imp on level 7 of the Dungeon)

   A truly terrible weapon, it drains the life of those it strikes.
   It affects your dexterity (+9).
 b - a +0 blowgun
 y - a +1 hand axe of freezing
 O - a +3 battleaxe of chopping
Missiles
 h - 110 poisoned needles
 x - 8 curare-tipped needles
Armour
 o - a +1 cloak (worn)
 q - a +1 pair of gloves (worn)
 C - a +0 leather armour of cold resistance (worn)
Jewellery
 f - an uncursed ring of fire
 l - an uncursed ring of sustain attributes
 r - an uncursed ring of magical power
 F - a +3 ring of evasion (right hand)
 I - an amulet of resist mutation (around neck)
 T - a ring of protection from magic (left hand)
Wands
 c - a wand of cold (7)
 n - a wand of digging (8)
 E - a wand of fire (4)
 G - a wand of polymorph (12)
 J - a wand of polymorph (2)
 L - a wand of teleportation (4)
 N - a wand of fire (5)
 R - a wand of confusion (22)
Scrolls
 d - 2 scrolls of fear
 i - 3 scrolls of remove curse
 j - 2 scrolls of magic mapping
 m - 3 scrolls of recharging
 t - 4 scrolls of teleportation
 H - 2 scrolls of fog
 M - 2 scrolls of enchant weapon
 P - a scroll of enchant armour
Potions
 e - 3 potions of invisibility
 g - 3 potions of flight
 p - a potion of berserk rage
 s - 2 potions of agility
 u - a potion of heal wounds
 v - 3 potions of curing
 w - 2 potions of haste
 A - a potion of mutation {unknown}
 B - a potion of magic {unknown}
 D - a potion of cancellation
 Q - a potion of resistance {unknown}
Books
 K - a book of Alchemy

   Spells                             Type                      Level
   a - Sublimation of Blood           Necromancy                   2
   b - Ignite Poison                  Fire/Transmutation/Poison    3
   c - Alistair's Intoxication        Transmutation/Poison         4
   d - Condensation Shield            Ice                          4
   e - Petrify                        Transmutation/Earth          4
   f - Irradiate                      Conjuration/Transmutation    5
   Trog disapproves of the use of such an item.
Comestibles
 k - 4 meat rations
 z - 6 bread rations
 S - 6 slices of pizza


   Skills:
 - Level 8.4 Fighting
 + Level 12.1 Axes
 - Level 9.6 Armour
 - Level 1.5 Dodging
 + Level 9.2 Evocations


You had 11 spell levels left.
You didn't know any spells.

Dungeon Overview and Level Annotations

Branches:
Dungeon (12/15)            Temple (1/1) D:7            Lair (0/8) D:9
    Orc (2/4) D:12

Altars:
Ashenzari
Cheibriados
Dithmenos
Fedhas
Gozag
Kikubaaqudgha
Makhleb
Nemelex Xobeh
Okawaru
Qazlal
Sif Muna
Trog
Vehumet
Yredelemnul
Zin
The Shining One

Shops:
D:7 *   D:12 :

Portals:
Trove: D:11 (give +6 demon blade)

Annotations:
D:12 exclusion: hydra IceCv exclusion: ice statue


Innate Abilities, Weirdness & Mutations

You are resistant to torment.
Your stone body is resilient (AC +8).
You are immune to poison.
You resist negative energy.
You are resistant to electric shocks.
You can survive without breathing.
You are immune to petrification.
You are immune to rotting.


Message History

The ice beast is moderately wounded.
The ice beast hits you but does no damage.
Unknown command.
You hit the ice beast.
The ice beast is heavily wounded.
The ice beast barely misses you.
Unknown command.
You completely miss the ice beast.
The ice beast is heavily wounded.
The ice beast misses you.
Unknown command.
You completely miss the ice beast.
The ice beast is heavily wounded.
The ice beast hits you but does no damage.
Unknown command.
You slash the ice beast!
You kill the ice beast!
Trog accepts your kill.
No target in view!
There is an ice choked empty arch of ancient stone here.
You now have 656 gold pieces (gained 7).
E - a wand of fire Your surroundings suddenly seem different!
Marking area around the ice statue as unsafe for travelling.
Marking area around the ice statue as unsafe for travelling. 2 ice statues come into view.
The ice statue throws ice at you. The shard of ice hits you!
You partially resist.
Found 46 gold pieces, a robe and a ring of magical power.
Found an ice covered gate leading back out of this place.
The ice statue throws cold at you. The freezing blast misses you.
Unknown command.
You are engulfed in freezing vapours.
You resist. The ice statue throws cold at you. The bolt of cold hits you!
You resist.
Unknown command.
The ice statue throws cold at you. The freezing blast engulfs you! You resist.
Unknown command.
Unknown command.
A red film seems to cover your vision as you go berserk!
You feel yourself moving faster!
You feel mighty!
You feel somewhat more hungry.
You are engulfed in freezing vapours.
You resist. The ice statue throws ice at you. The shard of ice misses you.
Unknown command.
You slash the ice statue!
The ice statue is moderately damaged.
You are engulfed in freezing vapours.
You resist. The ice statue throws cold at you. The freezing blast engulfs you!
You resist.
Unknown command.
You slash the ice statue!
The ice statue is heavily damaged.
You are engulfed in freezing vapours.
You resist.
Unknown command.
You slice the ice statue!!
The ice statue is almost destroyed.
You slash the ice beast!
The ice beast is moderately wounded.
You are engulfed in freezing vapours.
You resist.
* * * LOW HITPOINT WARNING * * *
You slash the ice statue!
The ice statue is almost destroyed.
You slash the ice beast!
The ice beast is severely wounded.
You are engulfed in freezing vapours.
You resist.
* * * LOW HITPOINT WARNING * * *
The ice beast hits you but does no damage.
Unknown command.
You slash the ice statue!
You feel the power of Trog in you as your rage grows.
You destroy the ice statue!
You hit the ice beast. You drain the ice beast!
The ice beast is almost dead.
You are engulfed in freezing vapours.
You resist.
* * * LOW HITPOINT WARNING * * *
The ice statue throws cold at you.
The bolt of cold hits the ice beast.
The ice beast completely resists.
The bolt of cold hits you! You resist.
* * * LOW HITPOINT WARNING * * *
You are engulfed in freezing vapours.
You resist.
* * * LOW HITPOINT WARNING * * *
The ice beast closely misses you. The ice statue throws cold at you.
The freezing blast engulfs you!
You feel a strong urge to attack something.
You are engulfed in freezing vapours.
You resist.
* * * LOW HITPOINT WARNING * * *
The ice beast hits you but does no damage.
You slash the ice statue!
The ice statue is lightly damaged.
You barely miss the ice beast.
The ice beast is almost dead.
You are engulfed in freezing vapours.
You resist. The ice statue throws ice at you. The shard of ice hits you!
You partially resist.
You die...

#######
##.....##
##...∩...##
##.........##
#......§....#
#...........#
##.......§...##
#....§.Y......#
#....8@§§§....#
#....§§§§§....#
##...§[.$§...##
#...8.=.8...#
##.........##
###########


You could see an ice statue and an ice beast.

Vanquished Creatures
  A fire dragon (D:12)
  4 hill giants
  An ugly thing (D:12)
  An ice statue (IceCv)
  2 gargoyles
  The ghost of Charly the Cudgeler, an amateur CeFi (D:7)
  11 slime creatures
  2 trolls
  A shadow (D:11)
  3 yaks (D:11)
  A wraith (D:11)
  A two-headed ogre (D:9)
  A deep elf fighter (D:11)
  2 hippogriffs
  A warg (Orc:2)
  10 ice beasts
  11 ogres
  5 orc warriors
  A black bear (D:10)
  A sky beast (D:7)
  A necrophage (D:12)
  An eye of draining (D:10)
  8 centaurs
  2 elf zombies (D:5)
  3 gnoll sergeants (D:12)
  A wyvern zombie (D:5)
  3 big kobolds
  7 giant frogs
  13 scorpions
  2 wyvern skeletons
  7 killer bees
  4 centaur zombies
  7 crimson imps
  2 hounds
  5 orc wizards
  4 orc priests
  Ijyb (D:2)
  A human zombie (Ossuary)
  5 jellies
  Jessica (D:2)
  2 giant frog skeletons
  3 iguanas
  4 worker ants
  2 big kobold zombies (Ossuary)
  2 hound zombies
  3 mummies (Ossuary)
  12 adders
  10 gnolls
  6 scorpion zombies (Ossuary)
  A shadow imp (D:7)
  12 white imps (Orc:2)
  2 worms
  2 adder skeletons
  3 giant geckos
  39 orcs
  2 gnoll zombies (Ossuary)
  13 goblins
  16 hobgoblins
  2 quokkas
  3 ball pythons
  7 bats
  4 giant cockroaches
  2 giant newts
  3 goblin zombies (Ossuary)
  2 hobgoblin zombies (Ossuary)
  8 jackals
  13 kobolds
  A kobold zombie (Ossuary)
  An orc skeleton (D:5)
  An orc zombie (Ossuary)
  2 quokka skeletons
  9 rats
  A fungus (D:9)
332 creatures vanquished.

Notes
Turn   | Place    | Note
--------------------------------------------------------------
     0 | D:1      | magipi the Gargoyle Berserker began the quest for the Orb.
     0 | D:1      | Reached XP level 1. HP: 14/14 MP: 1/1
   128 | D:1      | Reached XP level 2. HP: 5/19 MP: 2/2
   393 | D:1      | Reached XP level 3. HP: 7/23 MP: 3/3
   974 | D:2      | Reached ** piety under Trog
   978 | D:2      | Reached skill level 4 in Axes
  1202 | D:2      | Found a snail-covered altar of Cheibriados.
  1249 | D:2      | Noticed Jessica
  1277 | D:2      | Killed Jessica
  1277 | D:2      | Reached XP level 4. HP: 9/28 MP: 4/4
  1464 | D:2      | Noticed Ijyb
  1475 | D:2      | Killed Ijyb
  1576 | D:3      | Reached skill level 5 in Axes
  1630 | D:3      | Reached XP level 5. HP: 27/32 MP: 5/5
  1669 | D:3      | Found a faded altar to an unknown god.
  1977 | D:3      | Reached *** piety under Trog
  2104 | D:4      | Found a sparkling altar of Nemelex Xobeh.
  2163 | D:4      | Noticed an ogre
  2189 | D:4      | Killed an ogre
  2189 | D:4      | Reached skill level 6 in Axes
  2189 | D:4      | Reached XP level 6. HP: 32/37 MP: 6/6
  2488 | D:5      | Entered Level 5 of the Dungeon
  2580 | D:5      | Reached skill level 7 in Axes
  2580 | D:5      | Reached XP level 7. HP: 34/41 MP: 7/7
  2691 | D:5      | Found a sand-covered staircase.
  2696 | Ossuary  | Entered an ossuary
  2717 | Ossuary  | Reached skill level 8 in Axes
  2804 | Ossuary  | Reached XP level 8. HP: 29/46 MP: 8/8
  3065 | Ossuary  | Reached skill level 9 in Axes
  3317 | D:6      | Reached skill level 5 in Armour
  3532 | D:5      | Found a glowing silver altar of Zin.
  3541 | D:5      | Reached XP level 9. HP: 51/51 MP: 9/9
  3668 | D:5      | Found a shadowy altar of Dithmenos.
  3668 | D:5      | Found a glowing golden altar of the Shining One.
  4021 | D:6      | Found an opulent altar of Gozag.
  4070 | D:6      | Reached **** piety under Trog
  4279 | D:6      | Reached skill level 10 in Axes
  4470 | D:7      | Found Vepov's General Store.
  4478 | D:7      | Bought a wand of digging (8) for 336 gold pieces
  4478 | D:7      | Bought a scroll of identify for 28 gold pieces
  4499 | D:7      | Found a radiant altar of Vehumet.
  4521 | D:7      | Noticed Charly's ghost (amateur CeFi)
  4529 | D:7      | Killed Charly's ghost
  4773 | D:7      | HP: 2/51 [killer bee (4)]
  4779 | D:7      | Reached ***** piety under Trog
  4834 | D:7      | Found a staircase to the Ecumenical Temple.
  4844 | D:7      | Got a transparent war axe {drain}
  4845 | D:7      | Identified the +8 war axe of Fate {drain, Dex+9} (You took it off a crimson imp on level 7 of the Dungeon)
  4852 | Temple   | Entered the Ecumenical Temple
  5032 | D:7      | Found a basalt altar of Yredelemnul.
  5515 | D:8      | Reached XP level 10. HP: 43/56 MP: 10/10
  5676 | D:8      | Reached skill level 1 in Evocations
  5823 | D:9      | Found a staircase to the Lair.
  6280 | D:10     | Entered Level 10 of the Dungeon
  6467 | D:10     | Received a gift from Trog
  6520 | D:10     | You fall through a shaft!
  6587 | D:10     | Reached skill level 5 in Fighting
  6721 | D:10     | Noticed a hill giant
  6738 | D:10     | Killed a hill giant
  6738 | D:10     | Reached skill level 5 in Evocations
  6985 | D:11     | Reached XP level 11. HP: 61/66 MP: 15/15
  7115 | D:11     | Noticed a hill giant
  7129 | D:11     | Killed a hill giant
  7208 | D:11     | Found a portal to a secret trove of treasure.
  7766 | D:12     | Found Ykutsog's Book Emporium.
  7834 | D:12     | Noticed a five-headed hydra
  8035 | D:11     | Reached skill level 11 in Axes
  8048 | D:11     | Noticed a hill giant
  8055 | D:11     | Killed a hill giant
  8295 | D:12     | Identified the Tome of Boosts
  8305 | D:12     | Noticed a fire dragon
  8326 | D:12     | Killed a fire dragon
  8326 | D:12     | Reached XP level 12. HP: 41/75 MP: 18/18
  8356 | D:12     | Found a staircase to the Orcish Mines.
  8569 | D:12     | Received a gift from Trog
  8657 | Orc:1    | Entered Level 1 of the Orcish Mines
  8836 | Orc:2    | Found a frozen archway.
  8867 | IceCv    | Entered an ice cave
  8881 | IceCv    | Reached skill level 12 in Axes
  8912 | IceCv    | Killed from afar by an ice statue

Action                   |  1- 3 |  4- 6 |  7- 9 | 10-12 || total
-------------------------+-------+-------+-------+-------++-------
Melee: Hand axe          |   140 |       |     9 |       ||   149
       Battleaxe         |       |   227 |   443 |       ||   670
       War axe           |       |       |    22 |   388 ||   410
 Fire: Blowgun           |       |       |       |    10 ||    10
Invok: Berserk           |     2 |       |     4 |    10 ||    16
Evoke: Wand              |       |       |       |     1 ||     1
  Use: Scroll            |       |     4 |    16 |     7 ||    27
       Potion            |       |       |     1 |       ||     1
 Stab: Sleeping          |       |       |       |     2 ||     2
       Distracted        |       |       |       |     2 ||     2
  Eat: Chunk             |     2 |     2 |     4 |    14 ||    22
       Bread ration      |     1 |       |     1 |       ||     2
       Beef jerky        |       |       |     2 |     1 ||     3
       Pizza             |       |       |     1 |     3 ||     4
       Fruit             |       |       |     1 |       ||     1
       Royal jelly       |       |       |       |     1 ||     1

Action                   |  1- 3 |  4- 6 |  7- 9 | 10-12 || total
-------------------------+-------+-------+-------+-------++-------
Melee: Hand axe          |   140 |       |     9 |       ||   149
       Battleaxe         |       |   227 |   443 |       ||   670
       War axe           |       |       |    22 |   388 ||   410
 Fire: Blowgun           |       |       |       |    10 ||    10
Invok: Berserk           |     2 |       |     4 |    10 ||    16
Evoke: Wand              |       |       |       |     1 ||     1
  Use: Scroll            |       |     4 |    16 |     7 ||    27
       Potion            |       |       |     1 |       ||     1
 Stab: Sleeping          |       |       |       |     2 ||     2
       Distracted        |       |       |       |     2 ||     2
  Eat: Chunk             |     2 |     2 |     4 |    14 ||    22
       Bread ration      |     1 |       |     1 |       ||     2
       Beef jerky        |       |       |     2 |     1 ||     3
       Pizza             |       |       |     1 |     3 ||     4
       Fruit             |       |       |     1 |       ||     1
       Royal jelly       |       |       |       |     1 ||     1
